Match 27159199
Unlisted

Match 27159199
End
Vickers Machine Gun Team
Construct Section Command Post
Infantry Section
ML 3-inch Mortar Team
Infantry Section
Selects Air and Sea Battlegroup
Selects Supply Surplus
Construct Field Infirmary
Construct Platoon Command Post
6-pounder Anti-tank Gun Team
Grenade Package
Selects Commando Section Paradrop
Infantry Section
Construct Resource Cache
Construct Resource Cache
Selects Commando Section Paradrop
Commando Section Paradrop
Selects M1 Pack Howitzer Paradrop
M1 Pack Howitzer Paradrop
Construct Company Command Post
oapr.95
Tkil
Jork Sparra
Alekel
ECO ZULU Starsilver
Reactive
Hevsik
Hunter GLA
0
0

Comments sign in to comment!

No comments posted yet!